 Dungeon Crawl Stone Soup version 0.24-a0-194-g9bee6eb (webtiles) character file.

Game seed: 4946863526117900412

3127 gruber the Markscentaur (level 9, 0/75 HPs)
             Began as a Centaur Hunter on Mar 18, 2019.
             Was a Priest of Okawaru.
             Slain by a wolf (4 damage)
             ... led by Grum
             ... on level 8 of the Dungeon.
             The game lasted 00:13:43 (8870 turns).

gruber the Markscentaur (Centaur Hunter)            Turns: 8870, Time: 00:13:44

Health: 0/75       AC:  9    Str: 14    XL:     9   Next: 61%
Magic:  8/9        EV: 10    Int: 10    God:    Okawaru [***...]
Gold:   204        SH:  0    Dex: 14    Spells: 8/8 levels left

rFire    + . .     SeeInvis .   I - +10 dagger of the Sage {freeze, rPois rC+}
rCold    + . .     Gourm    .   (no shield)
rNeg     . . .     Faith    .   o - +2 robe {rF+}
rPois    +         Spirit   .   b - +0 helmet
rElec    .         Reflect  .   m - +1 cloak
rCorr    .         Harm     .   (no gloves)
MR       .....                  (no barding)
Stlth    +.........             (no amulet)
HPRegen  0.22/turn              g - ring of flight
MPRegen  0.11/turn              (no ring)

@: very quick
A: large, hooves 3, deformed body, speed 2, tough skin 3
a: Heroism, Renounce Religion, Evoke Flight


You were on level 8 of the Dungeon.
You worshipped Okawaru.
Okawaru was most pleased with you.
You were not hungry.

You visited 2 branches of the dungeon, and saw 9 of its levels.

You collected 296 gold pieces.
You spent 92 gold pieces at shops.

Inventory:

Hand Weapons
 a - a +2 shortbow
 r - a +0 spear
 I - the +10 dagger of the Sage (weapon) {freeze, rPois rC+}
   (You found it on level 6 of the Dungeon)

   It has been specially enchanted to freeze those struck by it, causing extra
   injury to most foes and up to half again as much damage against particularly
   susceptible opponents.
   It can also slow down cold-blooded creatures.
   It protects you from cold.
   It protects you from poison.
Missiles
 d - 113 arrows
Armour
 b - a +0 helmet (worn)
 m - a +1 cloak (worn)
 o - a +2 robe of fire resistance (worn)
Jewellery
 g - a ring of flight (left hand)
Wands
 u - a wand of enslavement (13)
 F - a wand of acid (4)
Scrolls
 h - 4 scrolls of fog
 i - 8 scrolls of identify
 l - a scroll of magic mapping
 s - a scroll of enchant weapon
 v - a scroll of immolation {unknown}
 x - a scroll of amnesia {unknown}
 y - a scroll of summoning {unknown}
 E - a scroll of silence
 G - a scroll of enchant armour
 J - a scroll of teleportation {unknown}
Potions
 c - 2 potions of berserk rage {unknown}
 j - a potion of magic {unknown}
 k - 2 potions of degeneration {unknown}
 n - a potion of flight {unknown}
 p - 2 potions of ambrosia {unknown}
 q - a potion of haste {unknown}
 t - 2 potions of heal wounds {unknown}
 w - a potion of agility {unknown}
 z - a potion of might
 A - a potion of invisibility {unknown}
 B - a potion of lignification {unknown}
 C - 2 potions of mutation {unknown}
 D - a potion of resistance
Comestibles
 f - 15 rations


   Skills:
 - Level 6.0 Fighting
 * Level 15.7 Bows
 - Level 1.3 Dodging
 - Level 0.4 Stealth
 + Level 0.4 Invocations


You had 8 spell levels left.
You didn't know any spells.
Your spell library was empty.

Dungeon Overview and Level Annotations

Branches:
Dungeon (8/15)             Temple (1/1) D:4            Lair (0/6) D:8

Altars:
Ashenzari
Cheibriados
Dithmenos
Elyvilon
Fedhas
Gozag
Hepliaklqana
Kikubaaqudgha
Makhleb
Nemelex Xobeh
Okawaru
Qazlal
Ru
Sif Muna
Trog
Uskayaw
Vehumet
Wu Jian
Xom
Yredelemnul
Zin
The Shining One

Shops:
D:4 (   D:8 *

Annotations:
D:8 Grum


Innate Abilities, Weirdness & Mutations

You have hooves in place of feet.
Armour fits poorly on your strangely shaped body.
You cover ground very quickly.
You have extremely tough skin. (AC +3)


Message History

The wolf bites you but does no damage. The wolf bites you!
* * * LOW HITPOINT WARNING * * *
You feel better.
You feel like a meek peon again. The wolf bites you.
* * * LOW HITPOINT WARNING * * *
The wolf misses you.
You feel better. The wolf bites you.
* * * LOW HITPOINT WARNING * * *
You feel better. The wolf bites you.
* * * LOW HITPOINT WARNING * * *
The wolf bites you but does no damage.
You hit the wolf. You freeze the wolf. Your kick misses the wolf.
The wolf is almost dead.
The wolf bites you but does no damage. The wolf bites you!
* * * LOW HITPOINT WARNING * * *
You miss the wolf. Your kick misses the wolf.
The wolf is severely wounded.
The wolf bites you.
You die...

..############ ..### .#
....## . ###..### .#
##...## ..# ###..### #.#
##...## #..####
###..######......#
##...#hh@# ####....###
#.........###
#.p.........### ###
#.............## #..##
#..............### ....#
##...............# ....##
##...............#
.....###..).............#


You could see 2 wolves and a neutral freed slave (wandering).

Vanquished Creatures
  Pikel (D:8)
  A spriggan (D:7)
  A soldier ant (D:7)
  A slave (D:8)
  2 orc warriors
  A sky beast (D:4)
  A wolf (D:8)
  A phantom (D:5)
  4 ogres
  A centaur (D:6)
  A bullfrog (D:7)
  A scorpion (D:8)
  3 killer bees (D:7)
  4 crimson imps
  2 bullfrog zombies
  A quasit (D:6)
  4 jellies
  2 hounds
  6 orc wizards
  3 orc priests
  2 centaur skeletons
  Natasha (thrice) (D:3)
  Terence (D:3)
  3 iguanas
  5 worker ants
  Robin (D:3)
  9 adders
  4 gnolls
  3 shadow imps
  An ooze (D:3)
  2 adder zombies (D:2)
  An adder skeleton (D:6)
  2 dart slugs
  2 leopard geckos (D:4)
  13 orcs
  10 bats
  8 giant cockroaches
  19 goblins
  9 hobgoblins
  11 jackals
  2 frilled lizards (D:1)
  A giant cockroach zombie (D:2)
  5 kobolds
  A leopard gecko skeleton (D:4)
  A quokka skeleton (D:5)
  A quokka zombie (D:7)
  3 rats
164 creatures vanquished.

Vanquished Creatures (others)
  An orc wizard (D:7)
  A jackal (D:8)
2 creatures vanquished.

Grand Total: 166 creatures vanquished

Notes
Turn   | Place    | Note
-------+----------+-------------------------------------------
     0 | D:1      | gruber the Centaur Hunter began the quest for the Orb.
     0 | D:1      | Reached XP level 1. HP: 17/17 MP: 1/1
   407 | D:1      | Reached XP level 2. HP: 22/25 MP: 2/2
  1001 | D:2      | Reached XP level 3. HP: 26/31 MP: 3/3
  1364 | D:2      | Found a faded altar of an unknown god.
  1642 | D:2      | Reached XP level 4. HP: 38/41 MP: 4/4
  2112 | D:3      | Noticed Terence
  2137 | D:3      | Killed Terence
  2266 | D:3      | Reached skill level 5 in Fighting
  2434 | D:3      | Noticed Robin
  2453 | D:3      | Killed Robin
  2460 | D:3      | Reached XP level 5. HP: 29/48 MP: 5/5
  2929 | D:3      | Noticed Natasha
  2937 | D:3      | Killed Natasha
  3046 | D:3      | Noticed Natasha
  3060 | D:3      | Killed Natasha
  3325 | D:4      | HP: 2/50 [gnoll/+0 spear (2)]
  3764 | D:3      | Noticed Natasha
  3768 | D:3      | Killed Natasha
  3768 | D:3      | Reached skill level 6 in Bows
  3768 | D:3      | Reached XP level 6. HP: 48/57 MP: 6/6
  3879 | D:4      | Found a staircase to the Ecumenical Temple.
  3885 | Temple   | Entered the Ecumenical Temple
  3980 | Temple   | Became a worshipper of Warmaster Okawaru
  4145 | D:4      | Found Paotalif's Weapon Shop.
  4152 | D:4      | Bought 8 arrows for 20 gold pieces
  4152 | D:4      | Bought 28 arrows for 72 gold pieces
  4190 | D:4      | Reached skill level 7 in Bows
  4648 | D:5      | Entered Level 5 of the Dungeon
  4648 | D:5      | Noticed a sky beast
  4751 | D:4      | Killed a sky beast
  4751 | D:4      | Reached * piety under Okawaru
  4751 | D:4      | Reached skill level 8 in Bows
  4919 | D:5      | Found a sparkling altar of Nemelex Xobeh.
  4982 | D:5      | Reached XP level 7. HP: 49/63 MP: 7/7
  5328 | D:5      | Reached skill level 9 in Bows
  6140 | D:6      | Reached skill level 10 in Bows
  6273 | D:6      | Reached ** piety under Okawaru
  6307 | D:6      | Reached XP level 8. HP: 37/70 MP: 8/8
  6427 | D:6      | Reached skill level 11 in Bows
  6489 | D:6      | Reached skill level 12 in Bows
  6974 | D:6      | Got a crystal dagger
  6976 | D:6      | Identified the +10 dagger of the Sage {freeze, rPois rC+}
                  | (You found it on level 6 of the Dungeon)
  7395 | D:7      | Reached skill level 13 in Bows
  8159 | D:7      | Reached XP level 9. HP: 72/75 MP: 9/9
  8273 | D:7      | Reached *** piety under Okawaru
  8273 | D:7      | Reached skill level 14 in Bows
  8534 | D:8      | Noticed Pikel
  8550 | D:8      | Killed Pikel
  8550 | D:8      | Reached skill level 15 in Bows
  8756 | D:8      | Found Qotreino's Lightly-Used Armoury.
  8795 | D:8      | Found a burning altar of Makhleb.
  8798 | D:8      | Found a staircase to the Lair.
  8803 | D:8      | Noticed Grum
  8813 | D:8      | Received a gift from Okawaru
  8865 | D:8      | HP: 1/75 [wolf[Grum] (9)]
  8870 | D:8      | Slain by a wolf

Levels and vault maps discovered:
D:1:      nzn_arrival_settlement, layout_loops_ring
D:2:      layout_basic, chequers_ecumenical_altar_simple_redux, serial_undead,
          serial_undead_e, serial_undead_b, serial_undead_d, serial_undead_d
D:3:      layout_loops_ring, first_ration, minmay_misc_feat_pillars,
          minivault_26, uniq_terence, uniq_robin, uniq_natasha
D:4:      layout_loops_ring, minmay_temple_entry_wispy, serial_shops,
          nicolae_shop_stone
D:5:      layout_basic, overflow_temple_1_default, small_statue_intersection
D:6:      minmay_inner_zag, layout_loops_ring, kb_rosetta
D:7:      layout_basic, the_bakery
D:8:      layout_cave_pods, lair_entry_dummy, basic_altar, minmay_shop_damaged,
          uniq_grum, uniq_pikel
Temple:   kilobyte_greek_temple

Skill      XL: |  1  2  3  4  5  6  7  8  9 |
---------------+----------------------------+-----
Fighting       | 3 4 5 6 |  6.0
Bows           | 6 8 10 13 15 | 15.7
Dodging        | |  1.3
Stealth        | |  0.4
Invocations    | |  0.4

Action                   |  1- 3 |  4- 6 |  7- 9 || total
-------------------------+-------+-------+-------++-------
Melee: Short sword       |   138 |     8 |       ||   146
       Kick              |    34 |    21 |     8 ||    63
       Dagger            |       |    82 |    39 ||   121
       Spear             |       |    11 |       ||    11
 Fire: Shortbow          |     3 |   113 |   344 ||   460
Invok: Heroism           |       |       |     5 ||     5
  Use: Scroll            |       |       |     7 ||     7
       Potion            |       |       |     8 ||     8
  Eat: Chunk             |     2 |     3 |     7 ||    12
       Ration            |       |     1 |     1 ||     2
Armor: Leather armour    |    62 |    30 |    29 ||   121
       Robe              |       |       |    11 ||    11
Dodge: Dodged            |    77 |    54 |    80 ||   211

Table legend:
 A = Non-vault XP
 B = Vault XP
 C = Vault XP percentage of total XP
 D = Non-vault monster count
 E = Vault monster count
 F = Vault count percentage of total count
                 A         B        C        D         E       F
            +---------+---------+-------+---------+---------+-------
      Total |    2927 |    1541 |  34.5 |     137 |      27 |  16.5
            +---------+---------+-------+---------+---------+-------
        D:1 |      30 |       0 |   0.0 |      18 |       0 |   0.0
        D:2 |      67 |      13 |  16.2 |      23 |       3 |  11.5
        D:3 |     171 |     106 |  38.3 |      19 |      13 |  40.6
        D:4 |     334 |       0 |   0.0 |      16 |       0 |   0.0
        D:5 |     395 |       0 |   0.0 |      14 |       0 |   0.0
        D:6 |     648 |     418 |  39.2 |      21 |       8 |  27.6
        D:7 |     871 |     229 |  20.8 |      17 |       1 |   5.6
        D:8 |     411 |     775 |  65.3 |       9 |       2 |  18.2
            +---------+---------+-------+---------+---------+-------
